 Dungeon Crawl Stone Soup version 0.30-a0-883-g5ad918d77d (webtiles) character file.

Game seed: 3942635023879320248

22 AtlasWard the Chopper (level 2, -3/24 HPs)
             Began as a Demonspawn Monk on Mar 17, 2023.
             Slain by a kobold
             ... wielding a +1 dagger of electrocution
              (20 damage)
             ... on level 1 of the Dungeon.
             The game lasted 00:01:19 (471 turns).

AtlasWard the Chopper (Demonspawn Monk)              Turns: 471, Time: 00:01:19

Health: -3/24      AC:  3    Str: 11    XL:     2   Next: 68%
Magic:  2/2        EV: 12    Int: 11    God:
Gold:   44         SH:  0    Dex: 15    Spells: 1/1 levels left

rFire   . . .      SeeInvis .    a - +0 hand axe
rCold   . . .      Faith    .    (no shield)
rNeg    . . .      Spirit   .    b - +0 robe
rPois   .          Reflect  .    (no helmet)
rElec   .          Rampage  .    (no cloak)
rCorr   .                        n - +0 pair of gloves
Will    .....                    (no boots)
Stlth   ++                       (no amulet)
HPRegen 0.24/turn                j - +4 ring of slaying
MPRegen 0.08/turn                (no ring)

@: no status effects
A: demonic magic 1
a: no special abilities


You were on level 1 of the Dungeon.
You visited 1 branch of the dungeon, and saw 1 of its levels.

You collected 44 gold pieces.

Inventory:

Hand Weapons
 a - a +0 hand axe (weapon)
 p - a +0 broad axe
Armour
 b - a +0 robe (worn)
 n - a +0 pair of gloves (worn)
Jewellery
 j - a +4 ring of slaying (left hand)
Scrolls
 d - a scroll of identify {unknown}
 e - a scroll of enchant weapon {unknown}
 g - 2 scrolls of immolation {unknown}
 h - a scroll of teleportation {unknown}
 m - 2 scrolls of vulnerability {unknown}
 q - a scroll of enchant armour {unknown}
Potions
 c - a potion of ambrosia
 f - a potion of degeneration {unknown}
 i - a potion of lignification {unknown}
 k - a potion of magic {unknown}
 l - a potion of might {unknown}
 o - a potion of heal wounds {unknown}


   Skills:
 + Level 3.3 Fighting
 * Level 3.4 Axes
 - Level 2.6 Dodging
 - Level 1.7 Stealth


You had one spell level left.
You didn't know any spells.
Your spell library was empty.

Dungeon Overview and Level Annotations

Branches:
Dungeon (1/15)

Altars:


Innate Abilities, Weirdness & Mutations

Spells you cast may paralyse adjacent enemies.


Message History

No target in view!
q - a scroll labelled ANURUNI VAAR No target in view!
m - 2 scrolls labelled XINEOS PIAG (gained 1)
A kobold comes into view.
It is wielding a +1 dagger of electrocution.
The kobold shouts!
The kobold throws a stone.
The stone completely misses you.
A kobold is nearby! 2 jackals come into view.
The kobold throws a stone.
The stone closely misses you.
A jackal comes into view.
The jackal moves out of view.
Setting a skill training target for Axes at 18.0.
The jackal barks!
You hear a bark!
The kobold throws a stone.
The stone hits you.
The jackal barks!
You slash the jackal!
You kill the jackal!
The kobold throws a stone.
The stone barely misses you.
You closely miss the jackal. You hit the kobold.
The jackal barely misses you. x2
The kobold misses you.
You hit the kobold.
The kobold is severely wounded.
You closely miss the jackal. x2; The jackal bites you.
The jackal barely misses you. The kobold closely misses you.
You barely miss the kobold.
The kobold is severely wounded.
You hit the jackal. You hit the jackal but do no damage. The jackal bites you.
The jackal misses you.
A bat comes into view.
The jackal completely misses you. The kobold hits you but does no damage.
The jackal bites you but does no damage.
You closely miss the kobold.
The kobold is severely wounded.
You barely miss the jackal. You hit the jackal but do no damage.
The jackal barely misses you. The jackal closely misses you.
The kobold hits you with a +1 dagger of electrocution.
You are electrocuted!!
Ouch! That really hurt!
You die...

#........# #........# #........#
###........## #######
##...........###### ......#
#.................#
†.....####.....hhK.........#####
...............♣@....♣.........#
).....####.....................#
......# #......♣.....♣.........#
##...## #...................####
##.#.# #...b..♣.....♣......#
...#.####...................#####
...............♣.....♣......#....
##..##...........................
#..##...#......#'''#.......#....


You could see 2 jackals, a bat and a kobold.

Vanquished Creatures
  4 endoplasms (D:1)
  3 goblins (D:1)
  A hobgoblin (D:1)
  4 jackals (D:1)
  2 quokkas (D:1)
  2 ball pythons (D:1)
  A bat (D:1)
  2 kobolds (D:1)
19 creatures vanquished.

Notes
Turn   | Place    | Note
-------+----------+-------------------------------------------
     0 | D:1      | AtlasWard the Demonspawn Monk began the quest for the Orb.
     0 | D:1      | Reached XP level 1. HP: 18/18 MP: 1/1
   192 | D:1      | Gained mutation: Spells you cast may paralyse adjacent
                  | enemies. [demonic ancestry]
   192 | D:1      | Reached XP level 2. HP: 17/24 MP: 2/2
   444 | D:1      | Found a faded altar of an unknown god.
   471 | D:1      | Slain by a kobold

Illustrated notes

Levels and vault maps discovered:
D:1:      wander_arrival_estate, layout_rooms, serial_forest,
          infiniplex_forest_clump_large, infiniplex_forest_lined_ring,
          infiniplex_forest_end_2, infiniplex_forest_lined_3_way,
          infiniplex_forest_clump_small, infiniplex_forest_fountain,
          infiniplex_forest_end_3, infiniplex_forest_lined_corner,
          hellmonk_ecumenical_altar_arch_garden

Skill      XL: |  1 |
---------------+----+-----
Axes           | 3 |  3.4
Fighting       | |  3.3
Dodging        | |  2.6
Stealth        | |  1.7

Action                     || total
---------------------------++-------
  Melee: Hand axe          ||    54
   Stab: Sleeping          ||     1
 Armour: Robe              ||    13
  Dodge: Dodged            ||    55

Table legend: (Time is in decaauts)
 A = Elapsed time spent in this place.
 B = Non-inter-level travel time spent in this place.
 C = Inter-level travel time spent in this place.
 D = Time resting spent in this place.
 E = Time spent auto-exploring this place.
 F = Levels seen in this place.
 G = Mean time per level.
                   A        B        C        D        E       F      G
               +--------+--------+--------+--------+--------+-----+--------+
         Total |    478 |    478 |      0 |      0 |    317 |   1 |  478.0 |
       Dungeon |    478 |    478 |      0 |      0 |    317 |   1 |  478.0 |
               +--------+--------+--------+--------+--------+-----+--------+

Top non-repeatable levels by time:
     D:1: 478 daAuts
